 Dungeon Crawl Stone Soup version 0.29-a0-338-g1ff7896281 (webtiles) character file.

Game seed: 10008050998377975591

51 avis the Ruffian (level 3, 0/34 HPs)
             Began as a Hill Orc Monk on Apr 18, 2022.
             Slain by a gnoll
             ... wielding a +0 flail
              (10 damage)
             ... on level 3 of the Dungeon.
             The game lasted 00:09:56 (2524 turns).

avis the Ruffian (Hill Orc Monk)                    Turns: 2524, Time: 00:09:56

Health: 0/34       AC:  3    Str: 15    XL:     3   Next: 83%
Magic:  3/3        EV: 12    Int: 10    God:
Gold:   148        SH:  0    Dex: 13    Spells: 2/2 levels left

rFire   . . .      SeeInvis .     - Unarmed
rCold   . . .      Faith    .   (no shield)
rNeg    . . .      Spirit   .   j - +0 leather armour
rPois   .          Reflect  .   (no helmet)
rElec   .          Harm     .   (no cloak)
rCorr   .          Rampage  .   (no gloves)
Will    .....                   (no boots)
Stlth   ++........              (no amulet)
HPRegen 0.11/turn               (no ring)
MPRegen 0.08/turn               (no ring)

@: no status effects
A: no striking features
a: no special abilities


You were on level 3 of the Dungeon.
You visited 1 branch of the dungeon, and saw 3 of its levels.

You collected 148 gold pieces.

Inventory:

Hand Weapons
 b - a +0 hunting sling
 g - a +0 spear
Missiles
 l - 15 stones (quivered)
Armour
 a - a +0 robe
 j - a +0 leather armour (worn)
 n - a +0 hat
 o - a +0 buckler
Jewellery
 h - a ring of flight
Potions
 c - 3 potions of cancellation
 d - a potion of curing {unknown}
 e - a potion of flight {unknown}
 f - a potion of brilliance {unknown}
 i - 3 potions of haste {unknown}
 k - a potion of lignification {unknown}
 m - a potion of ambrosia


   Skills:
 + Level 4.3 Fighting
 - Level 2.4 Dodging
 - Level 1.5 Stealth
 * Level 4.6 Unarmed Combat


You had 2 spell levels left.
You didn't know any spells.
Your spell library contained the following spells:

 Spells                   Type           Power      Damage    Failure   Level
 Beastly Appendage        Tmut           0%         N/A       43%         1
 Wereblood                Tmut           0%         N/A       56%         2
 Spider Form              Tmut/Pois      0%         N/A       80%         3


Dungeon Overview and Level Annotations

Branches:
Dungeon (3/15)

Altars:
The Shining One


Message History

Fire: b) +0 hunting sling
Press: ? - help, Q - select action, (/) - cycle Shift-Dir - straight line, f/p - kobold
Aim: a kobold, wielding a +0 whip (severely wounded, 47% to hit)
You shoot a sling bullet. The sling bullet hits the kobold.
You kill the kobold!
Things that are here:
a +0 whip; a kobold corpse You now have 148 gold pieces (gained 10).
Found an escape hatch in the floor.
A gnoll comes into view. It is wielding a +0 flail.
The gnoll shouts!
You see here a +0 hat.
n - a +0 hat A gnoll comes into view. It is wielding a +0 club.
Fire: b) +0 hunting sling
Press: ? - help, Q - select action, (/) - cycle Shift-Dir - straight line, f - gnoll
Aim: a gnoll, wielding a +0 flail (60% to hit)
You shoot a sling bullet. The gnoll shouts!
The sling bullet hits the gnoll.
The gnoll is heavily wounded.
A gnoll comes into view. It is wielding a +0 club.
The gnoll attacks as you move away! The gnoll barely misses you.
The gnoll attacks as you move away! The gnoll closely misses you.
You hear the slow rusting of a very distant drain.
The gnoll attacks as you move away! The gnoll closely misses you.
The gnoll attacks as you move away! The gnoll completely misses you.
The gnoll attacks as you move away! The gnoll barely misses you.
Found a stone staircase leading down.
The gnoll attacks as you move away! The gnoll closely misses you.
The gnoll attacks as you move away! The gnoll hits you with a +0 flail!
There is a stone staircase leading down here.
The gnoll attacks as you move away! The gnoll hits you with a +0 flail.
The gnoll attacks as you move away! The gnoll hits you with a +0 flail.
* * * LOW HITPOINT WARNING * * *
You are now empty-handed.
You barely miss the gnoll.
The gnoll is heavily wounded.
The gnoll hits you with a +0 flail!
You die...

#. #. #. #. #####
#. #... #.###.###
#.#<....#
######.....#.# +
.###....#####@#.#
g.
.........g.>g...#
#.#
###.##.###.#####
#>. #......#
#.######..#####
#..g......#
#......##.#
#......#....
#......#..###


You could see 2 gnolls.

Vanquished Creatures
  2 adders (D:2)
  A worm (D:2)
  A dart slug (D:2)
  3 ball pythons
  3 endoplasms
  A giant cockroach (D:1)
  3 goblins (D:2)
  2 hobgoblins
  2 kobolds
  2 quokkas
  3 bats
  3 frilled lizards (D:2)
  4 rats
30 creatures vanquished.

Notes
Turn   | Place    | Note
-------+----------+-------------------------------------------
     0 | D:1      | avis the Hill Orc Monk began the quest for the Orb.
     0 | D:1      | Reached XP level 1. HP: 19/19 MP: 1/1
    20 | D:1      | Found a faded altar of an unknown god.
   523 | D:1      | Reached XP level 2. HP: 20/27 MP: 2/2
  1276 | D:2      | Reached XP level 3. HP: 32/33 MP: 3/3
  1650 | D:2      | Found a glowing golden altar of the Shining One.
  2524 | D:3      | Slain by a gnoll

Illustrated notes

Levels and vault maps discovered:
D:1:      saegor_arrival_simple_a, layout_basic,
          hellmonk_ecumenical_altar_arch_garden, hex_intersection
D:2:      layout_basic, basic_altar
D:3:      layout_basic, nicolae_dithmenos_the_darkroom, okawaru_trees_2,
          lemuel_zombie_altar_yredelemnul, gup_sewer_entry_spiral, uniq_terence

Skill      XL: |  1  2 |
---------------+-------+-----
Fighting       | 4 |  4.3
Unarmed Combat | 4 |  4.6
Dodging        | |  2.4
Stealth        | |  1.5

Action                   || total
-------------------------++-------
Melee: Unarmed           ||   103
       Punch             ||     2
 Fire: Hunting sling     ||    17
  Use: Scroll            ||     2
 Stab: Sleeping          ||     5
Armor: Robe              ||     6
       Leather armour    ||    16
Dodge: Dodged            ||    46

Table legend: (Time is in decaauts)
 A = Elapsed time spent in this place.
 B = Non-inter-level travel time spent in this place.
 C = Inter-level travel time spent in this place.
 D = Time resting spent in this place.
 E = Time spent auto-exploring this place.
 F = Levels seen in this place.
 G = Mean time per level.
                   A        B        C        D        E       F      G
               +--------+--------+--------+--------+--------+-----+--------+
         Total |   2522 |   2355 |    167 |    584 |   1404 |   3 |  840.7 |
       Dungeon |   2522 |   2355 |    167 |    584 |   1404 |   3 |  840.7 |
               +--------+--------+--------+--------+--------+-----+--------+

Top non-repeatable levels by time:
     D:2: 1371 daAuts
     D:1: 1058 daAuts
     D:3: 92 daAuts
